 Dungeon Crawl Stone Soup version 0.21.1-1-g345015f (webtiles) character file.

35 inc the Scratcher (level 3, -6/17 HPs)
             Began as a Felid Monk on Mar 7, 2018.
             Mangled by a worker ant (7 damage)
             ... on level 4 of the Dungeon.
             The game lasted 00:04:12 (3021 turns).

inc the Scratcher (Felid Monk)                      Turns: 3021, Time: 00:04:13

Health: -6/17      AC:  1    Str:  7    XL:     3   Next: 17%
Magic:  4/4        EV: 19    Int: 12    God:
Gold:   191        SH:  0    Dex: 18    Spells: 2/2 levels left
                                        Lives:  0   Deaths: 1

rFire    . . .     SeeInvis +     - Unarmed
rCold    . . .     Gourm    .   (shield unavailable)
rNeg     . . .     Faith    .   (armour unavailable)
rPois    .         Spirit   .   (helmet unavailable)
rElec    .         Reflect  .   (cloak unavailable)
rCorr    .         Harm     .   (gloves unavailable)
MR       +....                  (boots unavailable)
Stlth    +++.......             (no amulet)
HPRegen  0.05/turn              (no ring)
MPRegen  0.09/turn              (no ring)

@: lethally poisoned (-6 -> -19), quick
A: very small, no armour, no weapons or thrown items, stealth, claws 1, fangs 3,
see invisible, carnivore, speed 1, magic resistance 1, shaggy fur 1, slow
metabolism 1, wild magic 1, evolution 1, sharp paws
a: no special abilities


You were on level 4 of the Dungeon.
You were not hungry.

You visited 1 branch of the dungeon, and saw 4 of its levels.

You collected 191 gold pieces.

Inventory:

Scrolls
 b - 2 scrolls of teleportation
 e - 5 scrolls of remove curse
 f - a scroll of enchant armour {unknown}
 g - a scroll of fear
 i - a scroll of immolation
 l - a scroll of random uselessness
Potions
 c - a potion of haste
 d - a potion of might
 h - a potion of mutation
 k - a potion of flight
 m - 2 potions of brilliance
Comestibles
 a - 8 rations


   Skills:
 + Level 3.1 Fighting
 - Level 4.0 Dodging
 - Level 2.6 Stealth
 - Level 5.0 Unarmed Combat


You had 2 spell levels left.
You didn't know any spells.

Dungeon Overview and Level Annotations

Branches:
Dungeon (4/15)
 Temple: D:4-7

Altars:
Cheibriados
Makhleb
Trog
Uskayaw

Annotations:
D:3 Mirai's ghost, amateur HOFi


Innate Abilities, Weirdness & Mutations

You cannot wear armour.
You are incapable of wielding weapons or throwing items.
Your paws allow you to move quietly. (Stealth)
You have sharp claws.
You have razor-sharp teeth.
You have supernaturally acute eyesight. (SInv)
You are carnivorous and can eat meat at any time.
You cover ground quickly.
You are covered in fur. (AC +1)
You have a slow metabolism.
Your sharp claws are effective at attacking unaware monsters.
You are resistant to hostile enchantments. (MR+)
Your spells are a little harder to cast, but a little more powerful.
You evolve.


Message History

You scratch the worker ant.
The worker ant is severely wounded.
The worker ant barely misses you.
You barely miss the worker ant.
The worker ant is severely wounded.
You feel sick. The worker ant bites you.
* * * LOW HITPOINT WARNING * * *
You are too injured to fight recklessly!
You completely miss the worker ant.
The worker ant is severely wounded.
The worker ant bites you.
* * * LOW HITPOINT WARNING * * *
You are more poisoned.
The worker ant poisons you!
Okay, then.
You closely miss the worker ant. You bite the worker ant.
The worker ant is almost dead.
* * * LOW HITPOINT WARNING * * *
You feel sick. The worker ant bites you!
You die...

########
#......#
#..@#
#.#.a......
#...####...
....#
.###.# ..
#.# #. #.#
#. ..# #


You could see a worker ant.

Vanquished Creatures
  An adder (D:2)
  2 dart slugs
  4 leopard geckos
  An orc (D:3)
  A ball python (D:3)
  9 bats
  2 giant cockroaches
  5 goblins
  6 hobgoblins
  7 jackals
  A quokka (D:2)
  3 frilled lizards
  4 kobolds
  13 rats
59 creatures vanquished.

Notes
Turn   | Place    | Note
-------+----------+-------------------------------------------
     0 | D:1      | inc the Felid Monk began the quest for the Orb.
     0 | D:1      | Reached XP level 1. HP: 10/10 MP: 2/2
    81 | D:1      | Reached XP level 2. HP: 14/14 MP: 3/3
   596 | D:1      | Reached skill level 4 in Unarmed Combat
  1222 | D:2      | Reached XP level 3. HP: 15/17 MP: 4/4
  1768 | D:2      | Found a hide-covered altar of Uskayaw.
  1768 | D:2      | Found a snail-covered altar of Cheibriados.
  1768 | D:2      | Found a burning altar of Makhleb.
  1789 | D:2      | Gained mutation: You evolve. [potion of mutation]
  1789 | D:2      | Gained mutation: Your spells are a little harder to cast, but a little more powerful. [potion of mutation]
  1789 | D:2      | Gained mutation: You are resistant to hostile enchantments. (MR+) [potion of mutation]
  2465 | D:2      | Found a bloodstained altar of Trog.
  2502 | D:3      | Noticed Mirai's ghost (amateur HOFi)
  2620 | D:3      | Reached XP level 4. HP: 21/21 MP: 5/5
  2734 | D:3      | Reached skill level 5 in Unarmed Combat
  3008 | D:4      | Slain by a worker ant
  3009 | D:4      | Reached XP level 3. HP: -4/17 MP: 4/4
  3021 | D:4      | Mangled by a worker ant

Skill      XL: |  1  2  3  4 |
---------------+-------------+-----
Unarmed Combat | 4 5 |  5.0
Fighting       | |  3.1
Dodging        | |  4.0
Stealth        | |  2.6

Action                   |  1- 3 |  4- 6 || total
-------------------------+-------+-------++-------
Melee: Unarmed           |   143 |    19 ||   162
       Bite              |    15 |     4 ||    19
       Punch             |     2 |       ||     2
  Use: Potion            |     4 |     1 ||     5
       Scroll            |     6 |       ||     6
 Stab: Sleeping          |     7 |     2 ||     9
  Eat: Chunk             |     1 |     3 ||     4
Armor: Skin              |    11 |       ||    11
Dodge: Dodged            |   156 |    15 ||   171
